[Event "*** Titled Tuesday Blitz"]
[Site "Chess.com"]
[Date "2019.01.01"]
[Round "3"]
[White "TheoSlade"]
[Black "Grootneus"]
[Result "1-0"]
[WhiteElo "2091"]
[BlackElo "2170"]
[TimeControl "180+2"]
[EndTime "13:40:13 PST"]
[Termination "TheoSlade won by resignation"]

1. d4 Nf6 2. c4 c5 3. d5 b5 4.
cxb5 a6 5. bxa6 g6 6. Nc3 Bxa6 7. e4 Qa5 8. Bd2 d6 9. Nf3 Bg7 10. Be2 O-O 11. O-O Bxe2 12. Qxe2 Na6 13. Nb5 Qb6 14. a4 Nc7 15. Nxc7 Qxc7 16. Bc3 Rfb8 17. Rfb1 Rb3 18.
Qc2 Qb7 19. h3 Nd7 20. Bxg7 Kxg7 21. Ra2 Ra5 22. Nd2 Rb4 23. Nc4 Ra8 24. Qc3+ f6 25.
Rba1 Rb3 26. Qc2 Ne5 27. Nxe5 fxe5 28. a5 Qb5 29. a6 Rb4 30. Ra5 Qb6 31. R1a2 Rb5 32.
Rxb5 Qxb5 33. Qa4 Qxa4 34. Rxa4 Kf8 35. Kf1 Ke8 36. Ke2 Kd7 37. Kd3 Kc7 38. Kc4 Kb6 39. b4 cxb4 40. Rxb4+ Kxa6 41. Ra4+ Kb7 42. Rxa8 Kxa8 43.
Kb5 Kb7 44. h4 h6 45. f3 Kc7 46. Ka6 Kc8 47. Kb6 Kb8 48. Kc6 Kc8 49. g3 Kd8 50.
Kb7 Kd7 51. Kb6 Kd8 52. Kc6 Kc8 53. f4 exf4 54. gxf4 Kd8 55. Kb5 Kc7 56. Ka6 Kc8 57. Kb6 Kb8 58. Kc6 Kc8 59. Kb6 Kb8 60. Kc6 Kc8 61.
Kb5 Kb7 62. Ka5 Ka7 63. Kb5 Kb7 64. Kc4 Kc8 65. Kd4 Kd7 66. Ke3 Kc7 67. Kf3 Kb6 68.
e5 dxe5 69. fxe5 Kc5 70. Ke4 g5 71. hxg5 hxg5 72. d6 exd6 73. e6 d5+ 74. Ke5 d4 75. e7 d3 76. e8=Q d2 77. Qc8+ Kb4 78. Qd7 Kc3 79. Kf5 Kc2 80. Qc6+ Kb2 81. Qb5+ Kc2 82. Qc4+ Kb2 83. Qd3 Kc1 84. Qc3+ Kd1 85. Kxg5 Ke2 86. Qc2 Ke1 87. Qe4+ Kf2 88. Qd3 Ke1 89. Qe3+ Kd1 90. Kf4 Kc2 91. Qe2 Kc3 92. Qd1 1-0

[Event "*** Titled Tuesday Blitz"]
[Site "Chess.com"]
[Date "2019.01.01"]
[Round "3"]
[White "mitrabhaa"]
[Black "FelixBlohberger"]
[Result "1-0"]
[WhiteElo "2571"]
[BlackElo "2581"]
[TimeControl "180+2"]
[EndTime "13:40:26 PST"]
[Termination "mitrabhaa won on time"]

1. Nf3 Nf6 2. b3 d5 3. Bb2 Bf5 4. e3 e6 5. c4 c6 6. Be2 Nbd7 7. Nh4 Bg6 8. Nxg6 hxg6 9. Nc3 Bd6 10. h3 Qe7 11. Qc2 Ba3 12. d4 Bxb2 13. Qxb2 a5 14.
O-O g5 15. Rab1 O-O 16. cxd5 exd5 17. b4 axb4 18. Qxb4 Qxb4 19. Rxb4 Ra7 20. Rfb1 b6 21. a4 Rc8 22. R4b2 Kf8 23. Kf1 Ke7 24. Ke1 g6 25. Kd2 Ne4+ 26. Nxe4 dxe4 27. Rb4 Rca8 28. Bd1 Kd6 29.
Rc4 Ra5 30. Bc2 f5 31. Rc1 Rc8 32. Bb3 Rc7 33. Ke2 Nf6 34. Rb4 Nd7 35. Bf7 Nf8 36. Ba2 Nd7 37. Bf7 Nf8 38. Bb3 Nd7 39. g4 c5 40.
dxc5+ Raxc5 41. Rd1+ Ke7 42. Rbd4 Ne5 43. Rd6 R5c6 44.
R6d5 Rc5 45. Rd6 R5c6 46. Rxc6 Rxc6 47. Rd5 Kf6 48. Rb5 fxg4 49. hxg4 Nxg4 50. Rb4 Ke5 51. Bd1 Nf6 52. Rb5+ Ke6 53. Rxg5 Kf7 54. Bb3+ Kg7 55. Re5 Kh6 56. Kf1 Rc3 57. Be6 Rc7 58. Rb5 Rc6 59.
Bb3 Kg7 60. Kg2 Kh6 61. Kg3 g5 62. Re5 Kg6 63. Be6 Rc7 64. Bf5+ Kg7 65. Bxe4 Rc4 66. Bg2 Rxa4 67. Rxg5+ Kf7 68. Rb5 Rg4+ 69. Kh2 Rh4+ 70.
Kg1 Rc4 71. Rxb6 Ke7 72. Kh2 Rh4+ 73. Kg3 Rg4+ 74. Kf3 Rc4 75. Bh3 Rc5 76. Rb7+ Kd6 77. Rf7 Nd5 78. Rd7+ Ke5 79. Rh7 Rc6 80. Rh5+ Kd6 81.
Rh6+ Kc7 82. Rxc6+ Kxc6 83. Ke4 Kd6 84. f4 Nc3+ 85.
Kf3 Ke7 86. e4 Nb5 87. e5 Nc3 88. Bf1 Nd5 89. Bc4 Nb4 90. Ke4 Nc6 91. f5 Nd8 92. f6+ Kf8 93. Kf5 Nc6 94. Ke4 Nb4 95. Bb5 Kf7 96. Ba4 Na6 97. Kf5 Nc5 98. e6+ Kg8 99. e7 1-0

[Event "*** Titled Tuesday Blitz"]
[Site "Chess.com"]
[Date "2019.01.01"]
[Round "3"]
[White "albi1999"]
[Black "florianschwabeneder"]
[Result "1-0"]
[WhiteElo "2472"]
[BlackElo "2442"]
[TimeControl "180+2"]
[EndTime "13:41:18 PST"]
[Termination "albi1999 won by resignation"]

1. d4 Nf6 2. c4 c5 3. d5 e5 4. Nc3 d6 5. e4 Nbd7 6. g3 Be7 7.
Bg2 a6 8. a4 b6 9. Nf3 O-O 10.
O-O Ne8 11. h3 Ra7 12. Ne1 Bf6 13. Nd3 g6 14. Be3 Bg7 15. b4 Rc7 16. a5 cxb4 17. Nxb4 Rxc4 18. Qb3 b5 19. Nc6 Qc7 20. Rfc1 Nc5 21.
Qa3 Bb7 22. Bf1 Rd4 23. Bxd4 exd4 24. Ne2 Bxc6 25. dxc6 Qxc6 26. Rd1 Qxe4 27. Rac1 Nc7 28. Nf4 Be5 29. Bg2 Qf5 30. Nd3 Nxd3 31. Qxd3 Qxd3 32. Rxd3 Ne6 33. f4 Bg7 34. Rc6 Nc5 35. Rd1 Rd8 36. Bd5 Bf6 37. Rc7 Rd7 38. Rc6 h5 39.
Kg2 Kf8 40. Kf3 d3 41. Be4 Be7 42. Bxd3 Rb7 43. Be4 Rb8 44. Bd5 b4 45. Rb6 Rc8 46.
Rxb4 Nd7 47. Rc4 Rb8 48. Rdc1 Rb5 49. Bc6 Rxa5 50. Bxd7 d5 51. Rc8+ Kg7 52. R8c3 Bf6 53. Rd3 d4 54. Bc6 Ra2 55. Bd5 Ra5 56. Bc4 Rc5 57.
g4 hxg4+ 58. hxg4 g5 59. fxg5 Rxg5 60. Ra1 a5 61. Ra4 Rc5 62. Rd1 Be5 63. Ke4 f6 64. Kd3 Kg6 65. Rb1 Kg5 66. Rb5 Rc7 67. Raxa5 Kxg4 68. Rb1 Kf5 69. Rf1+ Kg6 70. Ra2 Kg7 71. Rg2+ Kf8 72.
Rg8+ Ke7 73. Rg7+ Kd6 74. Rxc7 Kxc7 75. Ke4 Kd6 76. Bd3 Kc5 77. Rc1+ Kb4 78. Rc4+ Kb3 79. Rc8 Kb2 80. Kf3 Kb3 81. Ke2 Kb2 82. Kd1 Kb3 83.
Be4 Kb4 84. Kd2 Kb5 85. Kd3 Kb4 86. Bd5 Kb5 87. Bc4+ Kb4 88. Rc6 Ka5 89. Rc5+ Kb4 90. Rb5+ Ka4 91. Rb7 Ka5 92. Kc2 Ka4 93. Bd3 Ka3 94.
Bc4 Ka4 95. Kd3 Ka3 96. Ke4 Ka4 97. Kd5 Ka3 98. Rb3+ Ka2 99. Rb7+ Ka3 100. Bd3 Ka2 101. Kc4 Ka3 102. Rb3+ Ka2 103. Bb1+ Ka1 104. Kd3 f5 105. Kc2 d3+ 106. Rxd3 Bb2 107. Rd8 Ba3 108. Ra8 1-0

[Event "*** Titled Tuesday Blitz"]
[Site "Chess.com"]
[Date "2019.01.01"]
[Round "3"]
[White "Shant_Sargsyan"]
[Black "pKiLz5Rn9b"]
[Result "0-1"]
[WhiteElo "2959"]
[BlackElo "2675"]
[TimeControl "180+2"]
[EndTime "13:41:25 PST"]
[Termination "pKiLz5Rn9b won by resignation"]

1. e4 c6 2. d4 d5 3. Nd2 dxe4 4.
Nxe4 Nf6 5. Nxf6+ exf6 6. c3 Bd6 7. Bd3 O-O 8. Qc2 Re8+ 9. Ne2 h5 10. Be3 Nd7 11.
O-O-O Nf8 12. c4 b5 13. c5 Bc7 14. d5 Qxd5 15. Bh7+ Nxh7 16. Rxd5 cxd5 17. Nd4 a6 18. h3 Nf8 19. Rd1 g6 20. a4 b4 21.
c6 Ne6 22. Qb3 Nxd4 23. Rxd4 Be6 24. Qxb4 Rab8 25. Qd2 Rec8 26. Rxd5 Bxd5 27. Qxd5 Be5 28. b3 Rd8 29. Qc4 a5 30. Kc2 Rbc8 31. f4 Rd6 32. c7 Rd7 33. Bb6 Rdxc7 34. Bxc7 Rxc7 35. fxe5 Rxc4+ 36.
bxc4 fxe5 37. Kd3 f5 38. c5 Kf7 39. Kc4 Ke7 40. Kb5 e4 41. Ka6 e3 42. c6 e2 43. c7 e1=Q 44. c8=Q Qe2+ 45. Kxa5 Qxg2 46. Qc7+ Kf6 47. Qd8+ Ke5 48. Qe7+ Kd4 49. Qf6+ Ke3 50.
Kb6 f4 51. a5 f3 52. Qe5+ Kd3 53. a6 f2 54. Qb5+ Ke3 55. Qc5+ Ke2 56. Qc2+ Ke3 57. Qc3+ Kf4 58. Qf6+ Kg3 59. Qxg6+ Kh2 60. Qxg2+ Kxg2 61. a7 f1=Q 62. a8=Q+ Qf3 63. Qg8+ Kxh3 64. Kc5 h4 65.
Qg5 Qf2+ 66. Kc4 Qg3 67. Qd5 Qf4+ 68. Kd3 Qf1+ 69. Ke3 Qe1+ 70. Kf4 Qg3+ 71. Kf5 Qg2 72. Qd3+ Kh2 73. Qd6+ Qg3 74. Qd2+ Kg1 75. Qd1+ Kg2 76. Ke4 h3 77. Qe2+ Qf2 78. Qg4+ Kh2 79. Qd1 Kg3 80. Qd6+ Kg2 81. Qg6+ Qg3 82. Qa6 Qf3+ 83. Ke5 h2 84.
Qa2+ Kg1 85. Qb1+ Kg2 86. Qc2+ Kh3 87. Qh7+ Kg3 88. Qg6+ Kf2 89. Qh6 Qe3+ 0-1

[Event "*** Titled Tuesday Blitz"]
[Site "Chess.com"]
[Date "2019.01.01"]
[Round "3"]
[White "TreinadorBR"]
[Black "Zufi1811"]
[Result "1-0"]
[WhiteElo "2264"]
[BlackElo "2406"]
[TimeControl "180+2"]
[EndTime "13:41:25 PST"]
[Termination "TreinadorBR won by checkmate"]

1. e4 c5 2. Nf3 Nc6 3. d4 cxd4 4. Nxd4 Qb6 5. Nb3 Nf6 6. Nc3 e6 7. a3 a6 8. Be3 Qc7 9. Be2 b5 10. O-O Bb7 11. f4 d6 12. Bf3 Be7 13. Qe1 O-O 14. Rd1 Nd7 15. Kh1 Nb6 16. f5 Nc4 17. Bc1 Bf6 18. g4 Rac8 19. g5 Be5 20. f6 g6 21. Qh4 h5 22. Bxh5 d5 23. Bf3 Qd8 24. Qh6 Bxf6 25. gxf6 Qxf6 26. exd5 N6e5 27. Ne4 Qg7 28. Qxg7+ Kxg7 29. Nd6 Nxf3 30. Nxb7 Nfe5 31. dxe6 fxe6 32. Bf4 Ng4 33. Rd7+ Kg8 34. h3 Nf6 35. Re7 Nd5 36. Rxe6 Nxf4 37. Rxa6 Ne3 38. Rf2 Kg7 39. Nd6 Rxc2 40. Rxc2 Nxc2 41. Ra7+ Kh6 42. Nf7+ Kh5 43. Kh2 Ne3 44. Nd4 Nf5 45. Nxf5 gxf5 46. b3 Re8 47.
Nd6 Re3 48. Nxf5 Rxh3+ 49. Kg1 Rxb3 50. Nd4 Rb2 51. Rb7 Kg4 52. Rxb5 Rd2 53. Rb4 Kg3 54.
Rb3+ Kg4 55. Rb4 Ra2 56. a4 Nh3+ 57. Kf1 Kg3 58. Ne2+ Kf3 59. Rb3+ Kg4 60. Rb4+ Kf5 61. Rb5+ Kg4 62. Rb4+ Kf5 63. Rb5+ Kf6 64. Rb4 Ng5 65. Nd4 Ne4 66. Ne2 Nd2+ 67. Kf2 Nb1 68. Rxb1 Rxa4 69.
Rb5 Rc4 70. Ke3 Ra4 71. Nd4 Ra1 72. Rf5+ Kg6 73. Rb5 Re1+ 74. Kf4 Rf1+ 75. Nf3 Kf7 76. Rb6 Ke7 77. Ke4 Kd7 78. Nd4 Kc7 79. Rh6 Rg1 80.
Ke5 Rg5+ 81. Nf5 Rg1 82. Kd5 Rg5 83. Rf6 Rh5 84. Kc5 Rg5 85. Rf7+ Kd8 86. Kc6 Ke8 87. Nd6+ Kd8 88. Rd7# 1-0

[Event "*** Titled Tuesday Blitz"]
[Site "Chess.com"]
[Date "2019.01.01"]
[Round "3"]
[White "ChainsOfFantasia"]
[Black "ckgchess"]
[Result "1/2-1/2"]
[WhiteElo "2432"]
[BlackElo "2613"]
[TimeControl "180+2"]
[EndTime "13:41:42 PST"]
[Termination "Game drawn by agreement"]

1. d4 Nf6 2. c4 g6 3. Nf3 Bg7 4. g3 O-O 5. Bg2 d6 6. O-O Nbd7 7. Nc3 e5 8. h3 Re8 9. e4 exd4 10. Nxd4 a6 11.
Be3 Rb8 12. f3 Ne5 13. b3 c5 14. Nde2 b5 15. cxb5 axb5 16. Qc2 b4 17. Nd1 Ba6 18. Nf2 Qb6 19. Rfd1 Red8 20. Rd2 Ne8 21. Rad1 Rdc8 22. Nf4 Bb7 23. Nd5 Qd8 24. f4 Nc6 25. e5 dxe5 26. fxe5 Nd4 27. Qc4 Bxe5 28. Ng4 Bg7 29. Bf4 Nd6 30. Qf1 Ra8 31. Be5 N6f5 32. Ndf6+ Kh8 33. Bxb7 h5 34. Bxa8 hxg4 35. Nxg4 Rxa8 36. Bxg7+ Kxg7 37. Qf4 Ne2+ 38. Kh2 Nxf4 39. Rxd8 Rxa2+ 40. R1d2 Rxd2+ 41. Rxd2 Ne6 42. Ne5 Nfd4 43. Rb2 Kf6 44. Nd3 Ke7 45. Kg2 Kd6 46. Kf2 Ng5 47. h4 Ne4+ 48. Kg2 Nc3 49.
Nf4 Nd1 50. Rb1 Nc3 51. Rb2 Ke5 52. Nd3+ Kd5 53. g4 Nd1 54. Rb1 Nc3 55. Rb2 Nd1 56. Rd2 Nc3 57. h5 gxh5 58. gxh5 Ne4 59. Rd1 Nf5 60.
Nxb4+ Ke6 61. Nc2 Kf6 62. Kf3 Ng5+ 63. Kg4 Nh6+ 64. Kh4 Nf5+ 65. Kg4 Nh6+ 66. Kf4 Ne6+ 67. Ke4 Kg5 68. Rd5+ f5+ 69. Ke5 Nf4 70. Rd1 Nxh5 71.
Kd6 f4 72. Kxc5 f3 73. b4 f2 74. b5 Nf7 75. b6 Ne5 76. b7 Nf6 77. Ne3 Kf4 78.
Nd5+ Nxd5 79. Kxd5 Nd7 80. Kd6 Nb8 81. Kc7 Na6+ 82.
Kb6 Nb8 83. Ra1 Kg3 84. Kc7 Na6+ 85. Rxa6 f1=Q 86. b8=Q Qxa6 87. Kd7+ Kg4 88. Qg8+ Kf5 89. Qf7+ Ke5 90. Qh5+ Kd4 91. Qd1+ Ke5 92. Qe1+ Kd5 93.
Qh1+ Ke5 94. Qh2+ Kd5 95. Qg2+ Ke5 96. Qg3+ Kd5 97. Qg5+ Ke4 98. Qg4+ Ke5 99. Qh5+ Ke4 100. Qh7+ Kd5 101. Qf7+ Ke5 102. Qe7+ Kd5 103. Qg5+ Kd4 104. Qg1+ Ke5 105. Qe3+ Kd5 106. Qb3+ Ke5 107. Qc3+ Kd5 108. Qb3+ Ke5 1/2-1/2

[Event "*** Titled Tuesday Blitz"]
[Site "Chess.com"]
[Date "2019.01.01"]
[Round "3"]
[White "Kangoroo3000"]
[Black "FancyPlaySyndrome"]
[Result "1-0"]
[WhiteElo "2666"]
[BlackElo "2444"]
[TimeControl "180+2"]
[EndTime "13:42:08 PST"]
[Termination "Kangoroo3000 won by resignation"]

1. d4 g6 2. c4 Bg7 3. e4 d6 4. Nc3 e5 5. d5 a5 6. Be2 Na6 7. g4 Nf6 8. Be3 Nd7 9. h4 h6 10. h5 Nac5 11. f3 Bf6 12. Nh3 Bh4+ 13.
Nf2 Bxf2+ 14. Bxf2 g5 15. O-O O-O 16. b3 Qf6 17. Kg2 Rd8 18. Qd2 Nf8 19. Rfb1 Bd7 20. a3 Be8 21. Qd1 b6 22. b4 Nb7 23. Nb5 Rdc8 24. Qd2 Qd8 25. Nc3 axb4 26. axb4 Rxa1 27. Rxa1 Ra8 28. Qb2 Qb8 29. Ra3 f6 30. Qa2 Rxa3 31.
Qxa3 Kf7 32. Qa6 Ke7 33. Nb5 Kd8 34. Na7 Ke7 35. Nc6+ Bxc6 36. dxc6 Nd8 37. c5 bxc5 38. bxc5 Nfe6 39. cxd6+ cxd6 40. Bb5 Nc7 41. Qa5 Nxb5 42. Bb6 Nxc6 43. Qxb5 Qb7 44. Kg3 Kf8 45. Qb3 Nd4 46. Qb4 Ne2+ 47. Kf2 Nf4 48. Qxd6+ Kg8 49. Qd8+ Kf7 50.
Qd6 Qe7 51. Qc6 Ne6 52. Qd5 Kg7 53. Be3 Kf7 54. Qa8 Qc7 55. Qh8 Qc2+ 56. Kg3 Nf8 57. Qxh6 Qe2 58. Bf2 Qf1 59. Qh8 Qh1 60. h6 Ne6 61.
Qh7+ Kf8 62. Qg6 Qg2+ 63. Kxg2 Nf4+ 64. Kf1 Nxg6 65. Ke2 Kg8 66. Kd3 Kh7 67. Ke2 Nf4+ 68. Kf1 Kxh6 69. Be3 Ne6 70. Kf2 Kg6 71. Bb6 Kf7 72.
Be3 Ke8 73. Bb6 Kd7 74. Ke3 Kc6 75. Ba5 Kb5 76. Be1 Nd4 77. Bc3 Kc4 78. Ba5 Nc6 79. Bc7 Kc5 80. Kf2 Ne7 81. Bd8 Ng8 82. Ke3 Kc6 83.
Kd3 Kd7 84. Ba5 Ne7 85. Kc4 Ng6 86. Kd3 Ke6 87. Ke3 Ne7 88. Bd8 Nc6 89. Bb6 Nb4 90. Bd8 Kf7 91. Ba5 Nc6 92. Bb6 Ke6 93. Bc5 Nb8 94.
Bf8 Na6 95. Ba3 Nc7 96. Bf8 Nb5 97. Bb4 Kf7 98. Bc5 Nc7 99. Bd6 Ne6 100. Bb4 Ke8 101. Bd6 Kd7 102. Bb4 Nc7 103. Ba5 Na6 104. Bc3 Kc6 105. Ba5 Nc5 106. Bd8 Nd7 107. Kd3 Kd6 108. Kc4 Ke6 109. Kd3 Nc5+ 110. Ke3 Na6 111. Bb6 Nb4 112. Ba5 Nc6 113. Bb6 Kd7 114. Bc5 Ke6 115. Bb6 Nd8 116. Bxd8 Kf7 117.
Kd3 Ke6 118. Kc4 1-0

[Event "*** Titled Tuesday Blitz"]
[Site "Chess.com"]
[Date "2019.01.01"]
[Round "3"]
[White "CookiesAndIceCream"]
[Black "abubakrtagelsir"]
[Result "1/2-1/2"]
[WhiteElo "2365"]
[BlackElo "2221"]
[TimeControl "180+2"]
[EndTime "13:42:43 PST"]
[Termination "Game drawn - insufficient material"]

1. e4 d6 2. d4 Nf6 3. Nc3 g6 4. Nf3 Bg7 5. Be2 O-O 6. O-O Nc6 7. d5 Nb8 8. h3 c6 9. Be3 Nbd7 10. a4 cxd5 11.
exd5 b6 12. a5 Bb7 13. a6 Bc8 14. Nd4 Nb8 15. Bb5 Qc7 16. Re1 Nfd7 17. Bg5 Nf6 18. Qe2 h6 19. Bd2 Nh7 20. Nc6 e5 21. dxe6 Bxe6 22.
Qf3 Nxc6 23. Bxc6 Rad8 24. Nb5 Qb8 25. Bc3 Bd7 26. Bxg7 Kxg7 27. Re7 Bxc6 28. Qxc6 Nf6 29. Rb7 Qc8 30. Rc7 Qf5 31. Nxa7 Ne4 32. Rf1 Nd2 33. Rd1 Ne4 34. f3 Ng3 35. Qc3+ Kg8 36. Nc6 Ne2+ 37. Kh1 Nxc3 38. Ne7+ Kh8 39. Nxf5 Nxd1 40. Ne7 Nxb2 41.
a7 Na4 42. Nc6 Ra8 43. Rb7 d5 44. Nb8 Kg8 45. Nc6 Nc5 46. Rb8 Na6 47. Rxb6 Rfc8 48. Rxa6 Rc7 49. Rb6 Kg7 50. Rb8 Raxa7 51. Nxa7 Rxa7 52.
Rd8 Ra5 53. Kg1 h5 54. Kf2 Rc5 55. Kg3 g5 56. h4 gxh4+ 57. Kxh4 Kg6 58. g4 hxg4 59.
Kxg4 Kf6 60. Kf4 Ke7 61. Ra8 Rxc2 62. Ke5 Rd2 63. Ra7+ Ke8 64. Kd6 Kf8 65. f4 Kg7 66. Ke5 d4 67. f5 d3 68. Ra8 Re2+ 69. Kf4 d2 70. Rd8 Kf6 71. Rd6+ Ke7 72. Rd3 Rh2 73. Kg3 Re2 74. Kf3 Rh2 75. Kg3 Rh5 76. Kg4 Rh2 77. Kg3 Re2 78. Kf3 Re5 79. Kf4 Re2 80. Kf3 Rh2 81.
Kg3 Rh1 82. Rxd2 Kf6 83. Rf2 Rh5 84. Kg4 Rg5+ 85. Kh4 Rxf5 86. Ra2 Rd5 87. Kg4 Rd4+ 88.
Kf3 Kf5 89. Ra5+ Ke6 90. Ra6+ Ke5 91. Ra5+ Rd5 92. Ra8 Rd3+ 93. Ke2 Rd4 94. Re8+ Kf4 95. Rh8 Re4+ 96. Kf2 Kg4 97. Rg8+ Kf4 98. Rh8 f5 99. Rh4+ Ke5 100. Rxe4+ Kxe4 101. Ke2 Kf4 102. Kf2 Ke4 103. Ke2 Kf4 104. Kf2 Kg4 105. Kg2 f4 106. Kf2 f3 107. Kf1 Kg3 108. Kg1 Kf4 109. Kf2 Ke4 110. Kf1 Ke3 111. Ke1 Ke4 112. Kf1 Kf5 113. Kf2 Kf4 114. Kf1 f2 115. Kxf2 1/2-1/2

[Event "*** Titled Tuesday Blitz"]
[Site "Chess.com"]
[Date "2019.01.01"]
[Round "3"]
[White "Rashad_Zeynalli"]
[Black "Peroncio"]
[Result "0-1"]
[WhiteElo "2426"]
[BlackElo "2637"]
[TimeControl "180+2"]
[EndTime "13:43:10 PST"]
[Termination "Peroncio won by resignation"]

1. e4 e5 2. Nf3 Nc6 3. d4 exd4 4.
Nxd4 Bc5 5. Nxc6 Qf6 6. Qf3 dxc6 7. Bc4 Ne7 8. Nc3 Bd4 9. Qxf6 Bxf6 10. Ne2 Ng6 11. f4 Bg4 12. h3 Bh4+ 13. Kf1 Bd7 14. g3 Be7 15. Kg2 h5 16. Be3 b6 17. Rad1 Rd8 18.
Bd4 f6 19. Bc3 Nf8 20. e5 c5 21. Rhe1 f5 22. Bd5 Be6 23. Bc6+ Kf7 24. Rxd8 Bxd8 25. h4 Ng6 26. Ng1 Ne7 27. Bf3 Nd5 28. Bd2 c4 29. Nh3 Be7 30. Kf2 g6 31. Bxd5 Bxd5 32.
Be3 Ke6 33. Rd1 c6 34. c3 a5 35. Rd2 Rb8 36. Ng5+ Bxg5 37. hxg5 b5 38. Ba7 Rb7 39.
Bc5 b4 40. Bd4 Rb5 41. Ke1 c5 42. Be3 a4 43. a3 bxc3 44. bxc3 Rb3 45. Bxc5 Rxc3 46.
Rb2 Bc6 47. Rb8 Rxg3 48. Rg8 Kd5 49. Bb4 c3 50. Rxg6 Bb5 51. Rd6+ Ke4 52. Kf2 Rf3+ 53. Kg2 c2 54. Bd2 Rd3 55. Rxd3 Kxd3 56. Bc1 Ke2 57. e6 Be8 58. Kg3 Kd1 59. Bb2 c1=Q 60. Bxc1 Kxc1 61.
g6 Bxg6 62. Kh4 Be8 63. Kg5 Kb2 64. Kxf5 Kxa3 65. Kg5 Kb3 66. f5 a3 67. f6 a2 68. f7 Bb5 69. e7 a1=Q 70. e8=Q Qg1+ 71. Kh6 Qc1+ 72. Kg7 Qg5+ 73. Kh7 Qf5+ 74. Kh6 Qf6+ 75. Kxh5 Qf5+ 76. Kh4 Qf4+ 77. Kh5 Qf5+ 78. Kh4 Qh7+ 79. Kg5 Qg7+ 80. Kf5 Bd3+ 81. Kf4 Qd4+ 82. Kg3 Qg1+ 83. Kf3 Qf1+ 84. Ke3 Bb5 85. Qe6+ Bc4 86. Qb6+ Kc2 87. Qg6+ Kc1 88. Kd4 Bxf7 89. Qg5+ Kd1 90. Qg4+ Kc1 91.
Qg5+ Kb1 92. Qe3 Qc4+ 93. Ke5 Qe6+ 94. Kf4 Qh6+ 95. Kf3 Bd5+ 96. Ke2 Bc4+ 97. Kd2 Qd6+ 98. Kc3 Qa3+ 99. Kd4 Qa7+ 100. Ke4 Bd5+ 101. Kd3 Bc4+ 102. Ke4 Qb7+ 103. Kd4 Qb6+ 104. Ke4 Bd5+ 105. Kf4 Qh6+ 106. Ke5 Qxe3+ 0-1

[Event "*** Titled Tuesday Blitz"]
[Site "Chess.com"]
[Date "2019.01.01"]
[Round "3"]
[White "theblitzchamp"]
[Black "shnitez"]
[Result "0-1"]
[WhiteElo "2622"]
[BlackElo "2555"]
[TimeControl "180+2"]
[EndTime "13:46:23 PST"]
[Termination "shnitez won by resignation"]

1. e4 e5 2. Nf3 Nc6 3. Bb5 a6 4. Ba4 Nf6 5. Qe2 b5 6. Bb3 Bc5 7. c3 O-O 8. d3 h6 9. Be3 d6 10.
Nbd2 Rb8 11. Nf1 a5 12. Ng3 a4 13. Bc2 a3 14. b4 Bxe3 15. fxe3 d5 16. exd5 Nxd5 17. Qd2 f5 18. Bb3 Kh8 19. O-O Nde7 20. Rae1 Qd6 21. Re2 Be6 22. Bxe6 Qxe6 23. Ref2 Rbd8 24.
Nh4 f4 25. exf4 Rxf4 26. Rxf4 exf4 27. Rxf4 g5 28. Re4 Qd5 29. Nf3 Qxd3 30. Qe1 Qd1 31.
h4 Qxe1+ 32. Rxe1 gxh4 33. Nxh4 Rd2 34. Re2 Rxe2 35. Nxe2 Nd5 36. Kf2 Ne5 37. Nf3 Nd3+ 38. Kg3 Kg7 39. Nfd4 c5 40. bxc5 Nxc5 41. Nxb5 Kf6 42.
Kf3 Ke5 43. Nxa3 Ne4 44. Nc4+ Kf5 45. Nd4+ Kg5 46. Kxe4 Nxc3+ 47. Kf3 Nxa2 48. Ne5 Nc3 49. Nd3 Nd5 50. Ne6+ Kf6 51. Nef4 Ne7 52. Kg4 Ng8 53.
Nf2 Kg7 54. Kf5 Ne7+ 55. Ke6 Nc6 56. Kd5 Ne7+ 57. Kd6 Nf5+ 58. Ke5 Ne3 59. g3 Nf1 60. g4 Ne3 61. Nh5+ Kf8 62. Kf6 Ke8 63. Ke5 Kd7 64. Ke4 Nxg4 65. Nxg4 Kd6 66. Kd4 Ke6 67. Ke4 Kd6 68.
Ne3 Ke6 69. Nd5 Kd6 70. Ndf4 Kc5 71. Ke5 Kc4 72. Nd5 Kd3 73. Nb6 Ke3 74. Kd5 Kd3 75.
Nc4 Kc3 76. Ne5 Kd2 77. Kd4 Ke2 78. Ke4 Kd2 79. Nc6 Kc3 80. Nd4 Kc4 81. Ne6 Kb5 82.
Kd5 Kb4 83. Nc5 Kc3 84. Ne6 Kb4 85. Kd4 Kb5 86. Nd8 Kb6 87. Kd5 Kc7 88. Ne6+ Kb6 89. Nd4 Kc7 90. Ne6+ Kb6 91. Nc5 Kb5 92. Nd3 Kb6 93. Kd4 Kc6 94. Ke5 Kb5 95. Kd5 Kb6 96. Nb4 Kb5 97. Nc6 Kb6 98. Nd4 Kc7 99. Ke6 Kb6 100. Kd6 Kb7 101. Nb5 Kb6 102. Nc7 Kb7 103. Nd5 Ka6 104. Kc6 Ka5 105. Nc3 Kb4 106. Nd5+ Kc4 107. Kd6 Kd4 108. Ndf4 Ke4 109. Ke6 Kd4 110. Kf5 Kc5 111. Ke5 Kc4 112. Nd5 Kc5 113. Ne3 Kc6 114. Kd4 Kd6 115. Nc4+ Kc6 116. Ne5+ Kd6 117. Nc4+ Kc6 118. Ng7 h5 119. Nxh5 Kb5 120. Nf4 Kb4 121. Nd3+ Kb5 122. Kd5 Ka4 123. Nd2 Kb5 124. Kd6 Kb6 125. Nc4+ Kb5 126. Nce5 Kb6 127. Kd5 Kb5 128. Nc6 Kb6 129. Nd4 Ka5 130. Kc5 Ka6 131. Nb5 Kb7 132. Nb4 Kc8 133. Kd6 Kd8 134. Nc7 Kc8 135. Kc6 Kd8 136. Nbd5 Kc8 137. Ne6 Kb8 138. Nb6 Ka7 139. Nc5 Kb8 140. Nbd7+ Kc8 141. Nf6 Kd8 142. Kd6 Kc8 143. Nd5 Kd8 144. Nc7 Kc8 145. N7e6 Kb8 146. Kd7 Ka7 147. Kc7 Ka8 148. Nd4 Ka7 149. Nb5+ Ka8 150. Nd6 Ka7 151. Kc6 Kb8 152. Kb6 Ka8 153. Nb5 Kb8 154. Na7 Ka8 155. Nc8 Kb8 156. Ne7 Ka8 157. Ne6 Kb8 158. Nd4 Ka8 159. Nb3 Kb8 160. Na5 Ka8 161. Nb7 Kb8 162. Nd8 Ka8 163. Ne6 Kb8 164. Nc6+ Kc8 165. Ne5 Kb8 166. Nf8 Kc8 167. Ne6 Kb8 168. Nc5 Kc8 169. Nf7 Kb8 170. Nd6 Ka8 171. Ne6 Kb8 172. Nb5 Kc8 173. Kc6 Kb8 174. Nec7 Kc8 175. Nd6+ Kd8 176. Nf5 Kc8 177. Ne6 Kb8 178. Nd6 Ka7 179. Nc5 Kb8 180. Kb6 Ka8 181. Nb5 Kb8 182. Na7 Ka8 183. Nb3 Kb8 184. Nd4 Ka8 185. Ne6 Kb8 186. Nc6+ Kc8 0-1

[Event "*** Titled Tuesday Blitz"]
[Site "Chess.com"]
[Date "2019.01.01"]
[Round "4"]
[White "aquaticpineapples"]
[Black "tgpgoat"]
[Result "1-0"]
[WhiteElo "2102"]
[BlackElo "1985"]
[TimeControl "180+2"]
[EndTime "13:48:14 PST"]
[Termination "aquaticpineapples won by resignation"]

1. d4 Nf6 2. Nf3 d5 3. e3 c6 4. b3 e6 5. Bb2 Bd6 6. Bd3 Nbd7 7. Ne5 Qc7 8. f4 Ne4 9. Nd2 f5 10. Qh5+ Kd8 11. Nf7+ Ke7 12. Nxh8 Ndf6 13. Qf7+ Kd8 14. Qxc7+ Bxc7 1-0

[Event "*** Titled Tuesday Blitz"]
[Site "Chess.com"]
[Date "2019.01.01"]
[Round "4"]
[White "ramses135"]
[Black "Atanejhad"]
[Result "1-0"]
[WhiteElo "2476"]
[BlackElo "2252"]
[TimeControl "180+2"]
[EndTime "13:49:38 PST"]
[Termination "ramses135 won by resignation"]

1. e4 c5 2. Nf3 g6 3. c3 d5 4.
exd5 Qxd5 5. d4 Bf5 6. Be3 Bxb1 7. Rxb1 cxd4 8. Bxd4 Nf6 9. Bxf6 Qe6+ 10. Qe2 Qxf6 11. Qb5+ Qc6 12. Ne5 Qxb5 13. Bxb5+ Kd8 14. Nxf7+ Kc7 15.
Nxh8 1-0

[Event "*** Titled Tuesday Blitz"]
[Site "Chess.com"]
[Date "2019.01.01"]
[Round "4"]
[White "DanielNaroditsky"]
[Black "esteban062000"]
[Result "1-0"]
[WhiteElo "2922"]
[BlackElo "2200"]
[TimeControl "180+2"]
[EndTime "13:50:13 PST"]
[Termination "DanielNaroditsky won by resignation"]

1. c4 c5 2. Nf3 Nc6 3. Nc3 g6 4. e3 Bg7 5. d4 cxd4 6. exd4 d6 7. Be2 Nf6 8. d5 Nb8 9. O-O O-O 10. Be3 Nbd7 11. Qd2 Ng4 12. Bf4 Nge5 13. Bh6 Nb6 14. Bxg7 Kxg7 15. Nxe5 dxe5 16. c5 Nxd5 17. Qxd5 Qxd5 18. Nxd5 Be6 19. Nc7 Rac8 20. Nxe6+ fxe6 21. b4 Rf4 22. a3 Rd8 23. Rfd1 Rdf8 24. Rd7 R8f7 25.
f3 e4 26. Rxb7 exf3 27. gxf3 e5 28. c6 Rf8 29. Rxe7+ R4f7 30. Rxf7+ Rxf7 31. Rc1 Rc7 32. b5 Kf6 33. a4 Ke7 34. a5 Kd6 35. Bd3 g5 36. Be4 h6 37. b6 axb6 38. axb6 Rc8 39.
b7 1-0

[Event "*** Titled Tuesday Blitz"]
[Site "Chess.com"]
[Date "2019.01.01"]
[Round "4"]
[White "PrinceCharming92"]
[Black "theblitzchamp"]
[Result "1-0"]
[WhiteElo "2475"]
[BlackElo "2610"]
[TimeControl "180+2"]
[EndTime "13:50:28 PST"]
[Termination "PrinceCharming92 won by checkmate"]

1. e4 e5 2. Nf3 Nc6 3. Bc4 Nf6 4. d3 Bc5 5. O-O O-O 6. c3 d6 7. Nbd2 Be6 8. Bb5 Ne7 9. Re1 c6 10. Ba4 b5 11. Bc2 Ng6 12. Nf1 Ng4 13. d4 Bb6 14. h3 Nf6 15. Ng3 exd4 16. cxd4 d5 17. e5 Nd7 18. Bg5 Qc7 19. Rc1 Rae8 20. Qd2 f6 21.
exf6 Nxf6 22. Bxg6 hxg6 23. Ne5 Bd7 24. Nxg6 Rxe1+ 25. Rxe1 Re8 26. Bxf6 gxf6 27. Ne7+ Kf7 28. Qh6 Be6 29.
Qh7+ Kf8 30. Ng6# 1-0

[Event "*** Titled Tuesday Blitz"]
[Site "Chess.com"]
[Date "2019.01.01"]
[Round "4"]
[White "tigra"]
[Black "LawrenceTrent"]
[Result "1-0"]
[WhiteElo "2757"]
[BlackElo "2519"]
[TimeControl "180+2"]
[EndTime "13:51:02 PST"]
[Termination "tigra won by resignation"]

1. e4 c5 2. Nf3 Nc6 3. Nc3 g6 4. d4 cxd4 5. Nxd4 Bg7 6. Be3 Nf6 7.
Bc4 d6 8. f3 O-O 9. Qd2 Bd7 10.
O-O-O Rb8 11. g4 Ne5 12. Be2 b5 13. h4 b4 14. Nd5 Nxd5 15. exd5 Qa5 16. Kb1 Rfc8 17. h5 Nc4 18. Bxc4 Rxc4 19. hxg6 hxg6 20. Qh2 f6 21. Ne6 Bxe6 22. dxe6 g5 23. Qh5 1-0

[Event "*** Titled Tuesday Blitz"]
[Site "Chess.com"]
[Date "2019.01.01"]
[Round "4"]
[White "MChoisy"]
[Black "swisspower96"]
[Result "0-1"]
[WhiteElo "1714"]
[BlackElo "2529"]
[TimeControl "180+2"]
[EndTime "13:51:06 PST"]
[Termination "swisspower96 won by resignation"]

1. e4 e6 2. d4 d5 3. Nc3 Bb4 4. exd5 exd5 5. a3 Be7 6. Bd3 Nf6 7. Nf3 Bg4 8. h3 Bh5 9. O-O O-O 10. Re1 c6 11. Bf4 Nbd7 12. Be2 Re8 13. Ne5 Bxe2 14. Qxe2 Nf8 15. Qf3 Bd6 16. Ne2 Ne6 17. Bh2 Qc7 18. c3 Ne4 19. Nc1 f6 20. Ng4 Bxh2+ 21. Nxh2 N6g5 22.
Qe2 Nxc3 23. bxc3 Rxe2 24. Rxe2 Ne4 25. Re3 Nxf2 0-1